 Dungeon Crawl Stone Soup version 0.30.1-3-gfc49f6343a (webtiles) character file.

Game seed: 2664336770143058117

105 safid the Chiller (level 4, -1/33 HPs)
             Began as a Merfolk Ice Elementalist on July 26, 2023.
             Slain by Terence
             ... wielding a +0 mace of protection
              (5 damage)
             ... on level 3 of the Dungeon.
             The game lasted 00:03:27 (2579 turns).

safid the Chiller (Merfolk Ice Elementalist)        Turns: 2579, Time: 00:03:28

Health: -1/33      AC: 10    Str: 14    XL:     4   Next: 81%
Magic:  0/8        EV: 13    Int: 16    God:
Gold:   205        SH:  0    Dex: 14    Spells: 1/8 levels left

rFire   . . .        e - +2 dagger (protect)
rCold   . . .        (no shield)
rNeg    . . .        a - +0 robe
rPois   .            (no helmet)
rElec   .            l - +0 cloak
rCorr   .            (no gloves)
SInv    .            (no boots)
Will    .....        (no amulet)
Stlth   ++           n - +6 ring of strength
HPRegen 0.25/turn    (no ring)
MPRegen 0.11/turn

%: no passive effects
@: under a protective aura, freezing walls, very slightly contaminated
A: (nimble swimmer 2), mertail
a: no special abilities


You were on level 3 of the Dungeon.
You visited 1 branch of the dungeon, and saw 3 of its levels.

You collected 205 gold pieces.

Inventory:

Hand Weapons
 e - a +2 dagger of protection (weapon)
Armour
 a - a +0 robe (worn)
 l - a +0 cloak (worn)
Jewellery
 n - a +6 ring of strength (left hand)
 u - a ring of flight
Wands
 p - a wand of mindburst (12)
Scrolls
 d - 4 scrolls of identify {unknown}
 g - a scroll of immolation {unknown}
 h - a scroll of vulnerability {unknown}
 o - a scroll of teleportation {unknown}
 r - 2 scrolls of amnesia {unknown}
 s - a scroll of noise {unknown}
Potions
 b - 2 potions of magic
 c - 2 potions of flight {unknown}
 f - a potion of brilliance {unknown}
 i - 2 potions of curing {unknown}
 j - 2 potions of degeneration {unknown}
 k - a potion of heal wounds {unknown}
 m - a potion of lignification {unknown}
 q - a potion of ambrosia {unknown}
 t - a potion of haste {unknown}
 v - a potion of cancellation {unknown}


   Skills:
 + Level 2.1 Fighting
 + Level 4.0 Dodging
 - Level 2.1 Stealth
 + Level 2.7 Spellcasting
 + Level 5.0 Ice Magic


You had one spell level left.
You knew the following spells:

 Your Spells              Type           Power      Damage    Failure   Level
a - Freeze                Ice            72%        1d8       2%          1
b - Frozen Ramparts       Ice            36%        1d6       7%          3
c - Ozocubu's Armour      Ice            18%        N/A       7%          3

Your spell library contained the following spells:

 Spells                   Type           Power      Damage    Failure   Level
 Summon Ice Beast         Ice/Summ       10%        N/A       56%         4


Dungeon Overview and Level Annotations

Branches:
Dungeon (3/15)

Altars:
Okawaru
The Shining One

Shops:
D:2 :

Annotations:
D:3 Terence


Innate Abilities, Weirdness & Mutations

((You are very nimble when in or above water. (Stealth+, EV+, Speed+++)))
Your lower body shifts to a powerful aquatic tail in water.


Message History

Confirm with . or Enter, or press ? or * to list all spells.
The spell is quite dangerous to miscast (7% risk of failure)!
Continue anyway?
Okay, then.
Casting: Frozen Ramparts (quite dangerous; 7% risk of failure)
Confirm with . or Enter, or press ? or * to list all spells.
The spell is quite dangerous to miscast (7% risk of failure)!
Continue anyway?
Casting: Frozen Ramparts (quite dangerous; 7% risk of failure)
Press: ? - help, Dir - look around, f - activate You miscast Frozen Ramparts.
You are very lightly contaminated with residual magic.
Nothing appears to happen.
Something hits you.
Casting: Frozen Ramparts (quite dangerous; 7% risk of failure)
Confirm with . or Enter, or press ? or * to list all spells.
The spell is quite dangerous to miscast (7% risk of failure)!
Continue anyway?
Casting: Frozen Ramparts (quite dangerous; 7% risk of failure)
Press: ? - help, Dir - look around, f - activate The walls around you are covered in ice.
The wall freezes something but does no damage.
Something hits you.
Unknown command.
Your frozen ramparts will break if you move.
Continue?
Okay, then.
Your frozen ramparts will break if you move.
Continue?
You hit something but do no damage.
The wall freezes something but does no damage.
Something hits you.
Your frozen ramparts will break if you move.
Continue?
You hit something but do no damage.
The wall freezes something but does no damage.
Something hits you!
* * * LOW HITPOINT WARNING * * *
Your frozen ramparts will break if you move.
Continue? [Y]es or [N]o only, please.
Your frozen ramparts will break if you move.
Continue? [Y]es or [N]o only, please.
Your frozen ramparts will break if you move.
Continue?
You hit something but do no damage.
The wall freezes something but does no damage.
Something hits you.
You die...

#......# ##.#
#......# #..
#......### #.#
#........###.#
###......#.....#
#........#.....#
..#......#.##..##
.#########.###..####
.# ... #..@{.## .##
....##.###..# ..##
....#..# ##.# ...###
.....#.## #.#
....... #.#
#.......< ....#...
#.# #..#h.bh.
........ #.# ...#
.... ........ #.#
.#.r ### .....#..
#.# ## #h.


There were no monsters in sight!

Vanquished Creatures
  4 adders
  3 worms (D:2)
  2 dart slugs
  3 ball pythons
  6 bats
  7 endoplasms
  2 giant cockroaches
  10 goblins
  4 hobgoblins
  2 quokkas
  A frilled lizard (D:1)
  4 kobolds
  8 rats
56 creatures vanquished.

Notes
Turn   | Place    | Note
-------+----------+-------------------------------------------
     0 | D:1      | safid the Merfolk Ice Elementalist began the quest for the
                  | Orb.
     0 | D:1      | Reached XP level 1. HP: 13/13 MP: 3/3
   130 | D:1      | Reached XP level 2. HP: 20/20 MP: 5/5
   418 | D:1      | Reached skill level 1 in Fighting
   854 | D:1      | Reached XP level 3. HP: 26/26 MP: 6/6
  1038 | D:2      | Found Timp's Book Shop.
  1092 | D:2      | Found a faded altar of an unknown god.
  1539 | D:2      | Reached XP level 4. HP: 33/33 MP: 3/7
  1615 | D:2      | Learned a level 3 spell: Frozen Ramparts
  1619 | D:2      | Learned a level 3 spell: Ozocubu's Armour
  2229 | D:3      | Reached skill level 5 in Ice Magic
  2414 | D:3      | Found an iron altar of Okawaru.
  2417 | D:3      | Found a glowing golden altar of the Shining One.
  2558 | D:3      | Noticed Terence
  2579 | D:3      | Slain by Terence

Illustrated notes

Levels and vault maps discovered:
D:1:      nzn_arrival_water_spiral, layout_basic, hex_medium
D:2:      layout_loops_ring, serial_shops, shop, basic_ecumenical_altar
D:3:      cheibrodos_greedy_goblins, layout_rooms, minitemple,
          hangedman_abyss_or_decor_lesser_grid, uniq_terence

Skill      XL: |  1  2  3  4 |
---------------+-------------+-----
Dodging        | 3 4 |  4.0
Fighting       | 1 2 |  2.1
Ice Magic      | 5 |  5.0
Stealth        | |  2.1
Spellcasting   | |  2.7

Action                     |  1- 3 |  4- 6 || total
---------------------------+-------+-------++-------
  Melee: Dagger            |    37 |    31 ||    68
         Punch             |     2 |       ||     2
   Fire: Sling             |    23 |       ||    23
   Cast: Freeze            |    32 |    12 ||    44
         Frozen Ramparts   |       |     4 ||     4
   Stab: Sleeping          |     4 |     1 ||     5
 Armour: Robe              |     9 |    12 ||    21
  Dodge: Dodged            |    38 |    18 ||    56
